 Dungeon Crawl Stone Soup version 0.32-a0-913-g739538afd8 (webtiles) character file.

Game seed: 7478851984700912622

1553 shadizar the Magician (level 9, 0/61 HPs)
             Began as a Djinni Conjurer on Apr 7, 2024.
             Killed by divine providence
             ... invoked by an orc priest
              (7 damage)
             ... on level 6 of the Dungeon.
             The game lasted 00:03:53 (4450 turns).

shadizar the Magician (Djinni Conjurer)             Turns: 4450, Time: 00:03:53

Health: 0/61       AC:  2    Str:  6    XL:     9   Next: 12%
Gold:   265        EV: 12    Int: 25    God:
                   SH:  0    Dex: 11

rFire   + + .        f - staff of alchemy
rCold   x . .        (no shield)
rNeg    . . .        a - +0 robe
rPois   ∞            (no helmet)
rElec   .            (no cloak)
rCorr   .            (no gloves)
SInv    .            (boots unavailable)
Will    .....        (no amulet)
Stlth   ++           (no ring)
HPRegen 0.30/turn    (no ring)

%: infuse magic (-1 HP)
@: flying
A: sickness immunity, fire resistance 2, cold vulnerability 1, float, innate
caster, HP casting, extra vitality 1
a: Convert to Beogh


You were on level 6 of the Dungeon.
You visited 1 branch of the dungeon, and saw 6 of its levels.

You collected 265 gold pieces.

Inventory:

Armour
 a - a +0 robe (worn)
Magical Staves
 f - a staff of alchemy (weapon)
Jewellery
 m - a ring of protection from cold
Wands
 r - a wand of polymorph (12)
Scrolls
 b - a scroll of fog {unknown}
 c - 3 scrolls of noise {unknown}
 d - 2 scrolls of acquirement {unknown}
 g - a scroll of revelation {unknown}
 h - 6 scrolls of identify {unknown}
 i - 3 scrolls of summoning {unknown}
 j - a scroll of poison {unknown}
 k - a scroll of brand weapon {unknown}
 n - 6 scrolls of teleportation {unknown}
 q - a scroll of fear {unknown}
 s - a scroll of enchant weapon {unknown}
 u - a scroll of torment {unknown}
 v - a scroll of blinking {unknown}
Potions
 e - a potion of enlightenment {unknown}
 l - 2 potions of attraction {unknown}
 o - a potion of berserk rage {unknown}
 p - 2 potions of curing {unknown}
 t - a potion of haste {unknown}
 w - 2 potions of lignification {unknown}


   Skills:
 + Level 3.5 Fighting
 - Level 1.5 Armour
 + Level 4.6 Dodging
 + Level 3.7 Stealth
 + Level 7.5 Spellcasting
 + Level 7.5 Conjurations
 + Level 7.5 Hexes
   Level 0.0 Charms
 + Level 7.5 Summonings
 + Level 7.5 Necromancy
 + Level 7.5 Translocations
   Level 0.0 Transmutations
 + Level 7.5 Fire Magic
 + Level 7.5 Ice Magic
 + Level 7.5 Air Magic
 + Level 7.5 Earth Magic
 + Level 7.5 Alchemy


You knew the following spells:

 Your Spells              Type           Power      Damage    Failure   Level
a - Magic Dart            Conj           100%       1d8       1%          1
b - Searing Ray           Conj           92%        2d7       1%          2
c - Fulminant Prism       Conj/Alch      31%        3d16      3%          4
d - Iskenderun's Mystic   Conj/Tloc      46%        2d10      (+2d53%     4
e - Slow                  Hex            100%       N/A       1%          1
f - Call Imp              Summ           92%        N/A       1%          2
g - Sigil of Binding      Hex            46%        N/A       1%          3
h - Animate Dead          Necr           46%        N/A       3%          4
Your spell library was empty.

Dungeon Overview and Level Annotations

Branches:
Dungeon (6/15)
 Temple: D:4-7

Altars:

Shops:
D:5 *

Annotations:
D:3 1 runed translucent door, Crazy Yiuf


Innate Abilities, Weirdness & Mutations

You are immune to sickness and miasma.
You are immune to poison.
Your flesh is very heat resistant. (rF++)
You are vulnerable to cold. (rC-)
You float through the air rather than walking.
You learn spells naturally, not from books.
Your magical power is your life essence.
You have superior vitality. (+4 MHP)


Message History

The orc is severely wounded.
An orc priest comes into view. It is wielding a +0 club.
The magic dart hits the orc!
You kill the orc!
The orc priest shouts!
You hear a shout!
An orc comes into view. It is wielding a +2 trident of flaming.
The orc priest invokes the aid of Beogh against you.
Beogh smites you!
The magic dart hits the orc priest.
The orc priest is moderately wounded.
The orc shouts!
An orc comes into view. It is wielding a +0 dagger.
An orc priest comes into view. It is wielding a +0 dagger.
An orc wizard comes into view. It is wielding a +0 dagger.
The magic dart hits the orc priest.
The orc priest is heavily wounded.
The magic dart hits the orc priest.
The orc priest is heavily wounded.
The orc priest invokes the aid of Beogh against you.
Beogh smites you!
The orc priest mumbles some strange prayers to Beogh against you.
Beogh smites you!
The orc priest threatens, "Beogh's wrath is as vast as their mercy.
Make your choice!" (press Y on the ability menu to convert to Beogh) Unknown command.
Unknown command.
The orc priest looks braver for a moment.
The orc priest invokes the aid of Beogh against you.
Beogh smites you!
* * * LOW HITPOINT WARNING * * *
The orc wizard gestures wildly while chanting.
The orc wizard flickers and vanishes!
Deactivating autopickup; reactivate with Ctrl-A.
Things that are here:
a +0 scythe; a +0 robe; the human corpse of Sigmund Unknown command.
Unknown command.
The orc priest mumbles some strange prayers to Beogh against you.
Beogh smites you!
You die...

###.......†....# ..
.##............## ..#
................# ..#
................# ..#
................###..#
†................#..####
........................
........................
................@#######
#..<...[[)......).##
...................#
....(..............##
###.)...............#
##.......#........#
##.....##....o....#
##.#..###.....o...#
##..# ##...{.oo.#


You could see an orc priest and an orc.

Vanquished Creatures
  Grinder (D:3)
  Sigmund (D:6)
  A wyvern (D:6)
  An ogre (D:6)
  3 scorpions
  6 killer bees (D:5)
  A howler monkey (D:5)
  A bombardier beetle (D:6)
  A hound (D:6)
  3 iguanas
  Ijyb (D:3)
  3 orc wizards
  5 adders
  3 gnolls (D:3)
  A white imp (D:5)
  3 ufetubi
  4 dart slugs
  A ribbon worm (D:5)
  16 orcs
  6 bats
  4 endoplasms
  8 giant cockroaches
  6 goblins
  8 hobgoblins
  3 jackals
  3 quokkas
  6 ball pythons
  8 frilled lizards
  5 kobolds
  3 rats
116 creatures vanquished.

Vanquished Creatures (others)
  3 fulminant prisms
3 creatures vanquished.

Grand Total: 119 creatures vanquished

Notes
Turn   | Place    | Note
-------+----------+-------------------------------------------
     0 | D:1      | shadizar the Djinni Conjurer began the quest for the Orb.
     0 | D:1      | shadizar set off with the following spells memorised: Magic
                  | Dart, Searing Ray, Fulminant Prism, Iskenderun's Mystic
                  | Blast.
     0 | D:1      | Reached XP level 1. HP: 15/15 MP: 0/0
     0 | D:1      | Noticed a large abomination
     0 | D:1      | Noticed a large abomination
     1 | D:1      | Noticed a large abomination
     3 | D:1      | Noticed a large abomination
     3 | D:1      | Noticed a small abomination
     5 | D:1      | Noticed a large abomination
     6 | D:1      | Noticed a large abomination
     8 | D:1      | Noticed a large abomination
     9 | D:1      | Noticed a large abomination
    11 | D:1      | Noticed a large abomination
    11 | D:1      | Noticed a large abomination
    13 | D:1      | Noticed a large abomination
    15 | D:1      | Noticed a large abomination
    15 | D:1      | Noticed a large abomination
    15 | D:1      | Noticed a large abomination
    17 | D:1      | Noticed a large abomination
    17 | D:1      | Noticed a large abomination
    17 | D:1      | Noticed a large abomination
    99 | D:1      | Reached XP level 2. HP: 17/21 MP: 0/0
   276 | D:1      | Reached XP level 3. HP: 23/25 MP: 0/0
   276 | D:1      | Learned a level 1 spell: Slow
   856 | D:2      | Reached XP level 4. HP: 28/31 MP: 0/0
  1546 | D:3      | Noticed Grinder
  1555 | D:3      | Killed Grinder
  1556 | D:3      | Reached XP level 5. HP: 10/35 MP: 0/0
  1556 | D:3      | Learned a level 2 spell: Call Imp
  1556 | D:3      | Reached XP level 6. HP: 11/40 MP: 0/0
  2008 | D:3      | Found a runed translucent door.
  2009 | D:3      | Noticed Crazy Yiuf
  2124 | D:3      | Noticed Ijyb
  2131 | D:3      | Killed Ijyb
  2697 | D:4      | Reached XP level 7. HP: 43/45 MP: 0/0
  2697 | D:4      | Learned a level 3 spell: Sigil of Binding
  3078 | D:5      | Entered Level 5 of the Dungeon
  3300 | D:5      | Reached skill level 1 in Fighting
  3300 | D:5      | Reached skill level 1 in Armour
  3300 | D:5      | Reached XP level 8. HP: 36/52 MP: 0/0
  3784 | D:5      | Found Effedoci's General Store.
  4021 | D:6      | Noticed a wyvern
  4076 | D:6      | Killed a wyvern
  4372 | D:6      | Noticed Sigmund
  4376 | D:6      | Killed Sigmund
  4377 | D:6      | Reached XP level 9. HP: 55/61 MP: 0/0
  4377 | D:6      | Learned a level 4 spell: Animate Dead
  4450 | D:6      | Killed from afar by an orc priest

Illustrated notes

Levels and vault maps discovered:
D:1:      shiori_arrival_whats_in_store_for_you, layout_rooms,
          minmay_lizard_pond
D:2:      layout_rooms
D:3:      minmay_roachtagon, layout_basic, uniq_ijyb, uniq_grinder,
          uniq_crazy_yiuf_cottage
D:4:      layout_layer_cave
D:5:      layout_cave_pools, serial_shops, nicolae_shop_back_alley_shop,
          serial_bayou_ford_a
D:6:      layout_cave_pods, chequers_temple_overflow_statue_of_worship,
          minmay_temple_entry_proselytizer, serial_shops,
          nicolae_shop_statue_plus, kennysheep_generic_room_9, uniq_sigmund

Skill      XL: |  1  2  3  4  5  6  7  8 |
---------------+-------------------------+-----
Spellcasting   | 4 6 7 |  7.5
Conjurations   | 4 6 7 |  7.5
Hexes          | 4 6 7 |  7.5
Summonings     | 4 6 7 |  7.5
Necromancy     | 4 6 7 |  7.5
Translocations | 4 6 7 |  7.5
Fire Magic     | 4 6 7 |  7.5
Ice Magic      | 4 6 7 |  7.5
Air Magic      | 4 6 7 |  7.5
Earth Magic    | 4 6 7 |  7.5
Alchemy        | 4 6 7 |  7.5
Fighting       | 1 3 |  3.5
Armour         | 1 |  1.5
Stealth        | 2 3 |  3.7
Dodging        | 4 |  4.6

Action                     |  1- 3 |  4- 6 |  7- 9 || total
---------------------------+-------+-------+-------++-------
   Cast: Magic Dart        |    66 |    63 |    83 ||   212
         Searing Ray       |       |     5 |       ||     5
         Iskenderun's Myst |       |     1 |    33 ||    34
         Fulminant Prism   |       |     1 |     2 ||     3
 Armour: Robe              |    17 |     7 |     6 ||    30
  Dodge: Dodged            |     9 |     5 |     4 ||    18

Table legend: (Time is in decaauts)
 A = Elapsed time spent in this place.
 B = Non-inter-level travel time spent in this place.
 C = Inter-level travel time spent in this place.
 D = Time resting spent in this place.
 E = Time spent auto-exploring this place.
 F = Levels seen in this place.
 G = Mean time per level.
                   A        B        C        D        E       F      G
               +--------+--------+--------+--------+--------+-----+--------+
         Total |   4449 |   4327 |    122 |      0 |   3849 |   6 |  741.5 |
       Dungeon |   4449 |   4327 |    122 |      0 |   3849 |   6 |  741.5 |
               +--------+--------+--------+--------+--------+-----+--------+

Top non-repeatable levels by time:
     D:3: 1194 daAuts
     D:5: 1037 daAuts
     D:4: 694 daAuts
     D:1: 673 daAuts
     D:2: 512 daAuts
     D:6: 337 daAuts
